 Dungeon Crawl Stone Soup version 0.22-a0-159-g7ce444f (webtiles) character file.

508 varam the Grave Robber (level 6, 0/37 HPs)
             Began as a Deep Elf Necromancer on Feb 9, 2018.
             Was a Believer of Makhleb.
             Succumbed to a scorpion's poison
             ... on level 5 of the Dungeon.
             The game lasted 00:16:59 (5091 turns).

varam the Grave Robber (Deep Elf Necromancer)       Turns: 5091, Time: 00:16:59

Health: 0/37       AC:  5    Str:  6    XL:     6   Next: 98%
Magic:  13/13      EV: 12    Int: 21    God:    Makhleb [**....]
Gold:   209        SH:  0    Dex: 15    Spells: 1/12 levels left

rFire    + . .     SeeInvis .   m - +0 trident
rCold    . . .     Gourm    .   (no shield)
rNeg     . . .     Faith    .   a - +0 robe
rPois    .         Spirit   .   (no helmet)
rElec    .         Reflect  .   (no cloak)
rCorr    .         Harm     .   x - +1 pair of gloves
MR       .....                  k - +0 pair of boots
Stlth    ++........             (no amulet)
HPRegen  0.12/turn              d - ring of protection from fire
MPRegen  0.13/turn              (no ring)

@: lethally poisoned (0 -> -37), starving, heavily drained
A: no striking features
a: Minor Destruction, Renounce Religion


You were on level 5 of the Dungeon.
You worshipped Makhleb.
Makhleb was pleased with you.
You were starving.

You visited 1 branch of the dungeon, and saw 6 of its levels.

You collected 209 gold pieces.

Inventory:

Hand Weapons
 m - a +0 trident (weapon)
Missiles
 w - 7 tomahawks (quivered)
Armour
 a - a +0 robe (worn)
 k - a +0 pair of boots (worn)
 r - a +0 shield
 x - a +1 pair of gloves (worn)
Jewellery
 d - a ring of protection from fire (left hand)
Wands
 s - a wand of polymorph (13)
Scrolls
 e - 2 scrolls of remove curse
 h - a scroll of enchant armour
 l - a scroll of fog
 n - 5 scrolls of teleportation
 p - a scroll of fear {unknown}
 y - a scroll of magic mapping {unknown}
Potions
 f - 3 potions of flight
 g - 3 potions of curing
 j - a potion of agility
 o - 3 potions of heal wounds
 q - a potion of cancellation
 u - a potion of might
 v - a potion of ambrosia {unknown}
Books
 b - a book of Necromancy

   Spells                             Type                      Level
   a - Pain                           Necromancy                   1
   b - Animate Skeleton               Necromancy                   1
   c - Vampiric Draining              Necromancy                   3
   d - Regeneration                   Charms/Necromancy            3
   e - Animate Dead                   Necromancy                   4
Comestibles
 c - 6 rations


   Skills:
 - Level 3.0(1.4) Fighting
 - Level 3.0(1.3) Dodging
 - Level 3.1(1.4) Stealth
 - Level 3.5(1.8) Spellcasting
 + Level 7.9(6.0) Necromancy
 + Level 2.0(0.4) Invocations


You had one spell level left.
You knew the following spells:

 Your Spells              Type           Power        Failure   Level  Hunger
a - Pain                  Necr           ####         1%          1    #......
b - Vampiric Draining     Necr           ####......   3%          3    ###....
c - Animate Dead          Necr           N/A          12%         4    #####..
d - Regeneration          Chrm/Necr      ##........   13%         3    ###....


Dungeon Overview and Level Annotations

Branches:
Dungeon (6/15)             Temple (0/1) D:4

Altars:
Elyvilon
Fedhas
Hepliaklqana
Kikubaaqudgha
Makhleb
Sif Muna
Trog
Xom
The Shining One


Message History

The scorpion is heavily wounded.
The scorpion stings you.
You are more poisoned.
The scorpion poisons you! The scorpion stings you.
You closely miss the scorpion.
The scorpion is heavily wounded.
You feel sick. The scorpion stings you!
You are more poisoned.
The scorpion poisons you!
You closely miss the scorpion.
The scorpion is heavily wounded.
* * * LOW HITPOINT WARNING * * *
You feel very sick. The scorpion stings you.
* * * LOW HITPOINT WARNING * * *
You are more poisoned.
The scorpion poisons you!
You hit the scorpion.
The scorpion is heavily wounded.
You die...

#...# #.#
#..............[.#
#..## #.#
#.################
#..# #.# #.#
#####..#
##.###.##### ###
.......#
#..........# #..
####.#.#
#.####.###.# #[#
#.#.# #.# #.# #.#
#.# #[#.# #.#
#.###.##### #.#
#.#.# #.#
#.@s.....(# #.#
#.#.# #.#
#####.###<#######.#
#.#.# #.# #.#
#.........# #.#.#
#.# #.# ########..#
#.#.# #.# #.# #..#
#.#.# #.########.#
#..# #.#
#..........# #..#
#.# ############
#..# #.# #..#


You could see a scorpion.

Vanquished Creatures
  An ice beast (D:5)
  An ogre (D:4)
  2 hounds
  An orc wizard (D:5)
  An orc priest (D:6)
  An iguana (D:4)
  A gnoll (D:2)
  6 adders
  2 oozes
  2 dart slugs (D:1)
  3 leopard geckos
  13 orcs
  11 bats
  4 giant cockroaches
  5 hobgoblins
  7 jackals (D:3)
  3 quokkas
  6 frilled lizards
  4 goblins
  4 kobolds
  6 rats
84 creatures vanquished.

Vanquished Creatures (collateral kills)
  A worker ant zombie (D:5)
  An adder (D:6)
  A shadow imp (D:4)
3 creatures vanquished.

Vanquished Creatures (others)
  A frilled lizard (D:2)
1 creature vanquished.

Grand Total: 88 creatures vanquished

Notes
Turn   | Place    | Note
-------+----------+-------------------------------------------
     0 | D:1      | varam the Deep Elf Necromancer began the quest for the Orb.
     0 | D:1      | Reached XP level 1. HP: 10/10 MP: 6/6
   263 | D:1      | Reached XP level 2. HP: 13/15 MP: 4/8
   493 | D:1      | Reached skill level 5 in Necromancy
   802 | D:2      | Reached skill level 3 in Stealth
   830 | D:2      | Reached skill level 3 in Dodging
   830 | D:2      | Reached XP level 3. HP: 15/19 MP: 6/10
   849 | D:2      | Found a burning altar of Makhleb.
   849 | D:2      | Found a deep blue altar of Sif Muna.
   857 | D:2      | Became a worshipper of Makhleb the Destroyer
  1027 | D:2      | Learned a level 3 spell: Regeneration
  1031 | D:2      | Learned a level 3 spell: Vampiric Draining
  1093 | D:2      | You fall through a shaft for 2 floors!
  1175 | D:4      | Reached skill level 6 in Necromancy
  1175 | D:4      | Reached XP level 4. HP: 10/24 MP: 2/11
  1331 | D:4      | Found a staircase to the Ecumenical Temple.
  1351 | D:4      | Noticed an ogre
  1381 | D:2      | Found a blossoming altar of Fedhas.
  1388 | D:2      | Found a white marble altar of Elyvilon.
  1445 | D:2      | Found an ancient bone altar of Kikubaaqudgha.
  1587 | D:2      | Found a shimmering altar of Xom.
  1743 | D:2      | Reached * piety under Makhleb
  1966 | D:3      | Found a hazy altar of Hepliaklqana.
  2412 | D:3      | Reached XP level 5. HP: 26/28 MP: 8/12
  2482 | D:3      | Reached skill level 7 in Necromancy
  2626 | D:3      | Found a glowing golden altar of the Shining One.
  2703 | D:4      | Reached skill level 1 in Fighting
  3118 | D:5      | Entered Level 5 of the Dungeon
  3124 | D:5      | Learned a level 4 spell: Animate Dead
  3126 | D:5      | Found a bloodstained altar of Trog.
  3190 | D:5      | HP: 2/29 [something/magic dart (6)]
  3193 | D:5      | Reached skill level 2 in Fighting
  3368 | D:4      | Killed an ogre
  3368 | D:4      | Reached XP level 6. HP: 35/36 MP: 0/13
  3445 | D:4      | Reached skill level 3 in Fighting
  4208 | D:5      | Reached ** piety under Makhleb
  4624 | D:5      | Noticed an ice beast
  4633 | D:5      | Killed an ice beast
  4633 | D:5      | Reached skill level 1 in Invocations
  4696 | D:6      | Reached skill level 2 in Invocations
  4765 | D:5      | HP: 3/37 [wight/short sword (1)]
  5090 | D:5      | HP: 3/37 [scorpion (6)]
  5091 | D:5      | Succumbed to a scorpion's poison

Vault maps used:
D:1:      mainiacjoe_arrival_reflecting_pool
D:2:      lemuel_crystal_altar, elyvilon_altar_4, fedhas_altar_3,
          gammafunk_temple_overflow_pools, first_ration,
          brannock_xom_greatest_gift
D:3:      nicolae_tso_swordbearing_angel, nicolae_overflow_crystal_walls,
          minmay_distorted
D:4:      nemelex_xobeh_ov_fountains_minmay, minmay_temple_entry_purple_smoke,
          corexii_hall_statues_l, minmay_misc_feat_square,
          minmay_misc_feat_rows, minmay_guarded_unrand_vampires_tooth
D:5:      basic_altar
D:6:      kennysheep_little_box

Skill      XL: |  1  2  3  4  5  6 |
---------------+-------------------+-----
Necromancy     | 5 6 7 |  7.9
Stealth        | 3 |  3.1
Dodging        | 3 |  3.0
Fighting       | 2 3 |  3.0
Invocations    | 2 |  2.0
Spellcasting   | |  3.5

Action                   |  1- 3 |  4- 6 || total
-------------------------+-------+-------++-------
Melee: Unarmed           |     1 |       ||     1
       Trident           |       |   117 ||   117
 Cast: Pain              |    48 |    80 ||   128
       Vampiric Draining |       |    17 ||    17
       Animate Dead      |       |     8 ||     8
       Regeneration      |       |     4 ||     4
  Use: Scroll            |       |    11 ||    11
 Stab: Sleeping          |       |     4 ||     4
  Eat: Chunk             |     1 |     6 ||     7
       Ration            |       |     2 ||     2
Armor: Robe              |     3 |    31 ||    34
Dodge: Dodged            |    14 |   141 ||   155

Table legend:
 A = Spawn XP
 B = Non-spawn XP
 C = Spawn XP percentage of total XP
 D = Spawn monster count
 E = Non-spawn monster count
 F = Spawn count percentage of total count
 G = Total turns spent on level
                    A         B        C        D         E        F      G
               +---------+---------+-------+---------+---------+-------+---------
         Total |       0 |     727 |   0.0 |       0 |      87 |   0.0 |  5091
               +---------+---------+-------+---------+---------+-------+---------
           D:1 |       0 |      27 |   0.0 |       0 |      14 |   0.0 |   798
           D:2 |       0 |      92 |   0.0 |       0 |      17 |   0.0 |   832
           D:3 |       0 |      59 |   0.0 |       0 |      22 |   0.0 |  1335
           D:4 |       0 |     230 |   0.0 |       0 |      14 |   0.0 |   832
           D:5 |       0 |     260 |   0.0 |       0 |      16 |   0.0 |  1197
           D:6 |       0 |      59 |   0.0 |       0 |       4 |   0.0 |    97
               +---------+---------+-------+---------+---------+-------+---------
